 Dungeon Crawl Stone Soup version 0.31-a0-208-gdb31a4691d (webtiles) character file.

Game seed: 8430281592822390080

5 ketsa the Magician (level 1, -1/10 HPs)
             Began as a Deep Elf Air Elementalist on June 28, 2023.
             Slain by a kobold
             ... wielding a +0 dagger
              (3 damage)
             ... on level 1 of the Dungeon.
             The game lasted 00:00:57 (56 turns).

ketsa the Magician (Deep Elf Air Elementalist)        Turns: 56, Time: 00:00:58

Health: -1/10      AC:  2    Str:  5    XL:     1   Next: 66%
Magic:  0/6        EV: 12    Int: 19    God:
Gold:   0          SH:  0    Dex: 15    Spells: 5/6 levels left

rFire   . . .        (no weapon)
rCold   . . .        (no shield)
rNeg    . . .        a - +0 robe
rPois   .            (no helmet)
rElec   .            (no cloak)
rCorr   .            (no gloves)
SInv    .            (no boots)
Will    .....        (no amulet)
Stlth   ++           (no ring)
HPRegen 0.21/turn    (no ring)
MPRegen 0.10/turn

%: no passive effects
@: no status effects
A: no striking features
a: no special abilities


You were on level 1 of the Dungeon.
You visited 1 branch of the dungeon, and saw 1 of its levels.

Inventory:

Armour
 a - a +0 robe (worn)
Scrolls
 c - a scroll of identify {unknown}
Potions
 b - a potion of magic


   Skills:
 + Level 0.2 Fighting
 - Level 2.4 Dodging
 - Level 2.4 Stealth
 + Level 3.1 Spellcasting
 + Level 1.3 Conjurations
 + Level 3.1 Air Magic


You had 5 spell levels left.
You knew the following spells:

 Your Spells              Type           Power      Damage    Failure   Level
a - Shock                 Conj/Air       44%        1d5       6%          1

Your spell library contained the following spells:

 Spells                   Type           Power      Damage    Failure   Level
 Static Discharge         Conj/Air       22%        2-3/arc   9%          2
 Swiftness                Air            14%        N/A       13%         3
 Airstrike                Air            7%         2d(1-17)  38%         4


Dungeon Overview and Level Annotations

Branches:
Dungeon (1/15)

Altars:


Message History

The jackal is moderately wounded.
The jackal barely misses you. The jackal misses you.
You hit the jackal but do no damage.
The jackal is moderately wounded.
The jackal closely misses you.
Casting: Shock (safe; 6% risk of failure)
Confirm with . or Enter, or press ? or * to list all spells.
Aiming: Shock (safe; 6% risk of failure)
Press: ? - help, Shift-Dir - straight line The zap hits the jackal.
You kill the jackal!
The jackal bites you.
Casting: Shock (safe; 6% risk of failure)
Confirm with . or Enter, or press ? or * to list all spells.
You don't have enough magic to cast this spell.
The jackal closely misses you. The jackal misses you.
The jackal closely misses you. The jackal bites you.
Casting: Shock (safe; 6% risk of failure)
Confirm with . or Enter, or press ? or * to list all spells.
You don't have enough magic to cast this spell.
You miss the jackal. The jackal bites you.
You completely miss the jackal. The jackal bites you. x2
* * * LOW HITPOINT WARNING * * *
You barely miss the jackal. The jackal bites you.
* * * LOW HITPOINT WARNING * * *
You barely miss the jackal. The jackal closely misses you.
You hit the jackal but do no damage. The jackal bites you.
* * * LOW HITPOINT WARNING * * *
The jackal barely misses you.
Casting: Shock (safe; 6% risk of failure)
Confirm with . or Enter, or press ? or * to list all spells.
Aiming: Shock (safe; 6% risk of failure)
Press: ? - help, Shift-Dir - straight line The zap hits the jackal.
The jackal is severely wounded.
The zap hits the jackal.
You kill the jackal!
The kobold attacks as you move away! The kobold hits you with a +0 dagger.
You die...

#. .. .. ##K
########## ..
##........#
.#####h##@.######.#
.......#K#.##
#.#...# ##...##
##.## #.#.# #.#
#...# #.# #...#
#######.# #...#
........#
######...#


You could see a kobold.

Vanquished Creatures
  4 jackals (D:1)
4 creatures vanquished.

Notes
Turn   | Place    | Note
-------+----------+-------------------------------------------
     0 | D:1      | ketsa the Deep Elf Air Elementalist began the quest for the
                  | Orb.
     0 | D:1      | Reached XP level 1. HP: 10/10 MP: 6/6
    56 | D:1      | Slain by a kobold

Illustrated notes

Levels and vault maps discovered:
D:1:      amcnicky_arrival_blooded_trapdoor, layout_loops_cross

Action                     || total
---------------------------++-------
  Melee: Unarmed           ||     9
   Cast: Shock             ||     8
 Armour: Robe              ||     1
  Dodge: Dodged            ||    10

Table legend: (Time is in decaauts)
 A = Elapsed time spent in this place.
 B = Non-inter-level travel time spent in this place.
 C = Inter-level travel time spent in this place.
 D = Time resting spent in this place.
 E = Time spent auto-exploring this place.
 F = Levels seen in this place.
 G = Mean time per level.
                   A        B        C        D        E       F      G
               +--------+--------+--------+--------+--------+-----+--------+
         Total |     56 |     56 |      0 |      0 |     32 |   1 |   56.0 |
       Dungeon |     56 |     56 |      0 |      0 |     32 |   1 |   56.0 |
               +--------+--------+--------+--------+--------+-----+--------+

Top non-repeatable levels by time:
     D:1: 56 daAuts
